 Dungeon Crawl Stone Soup version 0.25-a0-696-g42a9e46d90 (webtiles) character file.

Game seed: 2336753145622699880, levelgen mode: deterministic

41573 KiliKikkendorf the Severer (level 14, -9/122 HPs)
             Began as a Hill Orc Fighter on Mar 31, 2020.
             Was a Believer of Qazlal.
             Mangled by a spark wasp (14 damage)
             ... on level 3 of the Spider Nest.
             The game lasted 02:03:46 (17142 turns).

KiliKikkendorf the Severer (Hill Orc Fighter)      Turns: 17142, Time: 02:03:46

Health: -9/122     AC: 31    Str: 23    XL:     14   Next: 16%
Magic:  21/21      EV:  7    Int:  9    God:    Qazlal [**....]
Gold:   898        SH: 16    Dex: 17    Spells: 13/13 levels left

rFire    + . .     SeeInvis +   o - +2 war axe (vamp)
rCold    x . .     Gourm    .   W - +0 kite shield {reflect}
rNeg     . . .     Faith    .   x - +3 plate armour of Least Resistance {rC- Dex+7}
rPois    +         Spirit   .   v - +2 helmet
rElec    .         Reflect  +   P - +2 cloak
rCorr    .         Harm     .   n - +2 pair of gloves
MR       +....                  N - +0 pair of boots
Stlth    ..........             (no amulet)
HPRegen  0.30/turn              J - ring of poison resistance
MPRegen  0.17/turn              c - ring of see invisible

@: berserk cooldown, slowed, very slow
A: thin metallic scales 1, camouflage 1, fire resistance 1
a: Upheaval, Renounce Religion


You were on level 3 of the Spider Nest.
You worshipped Qazlal.
Qazlal was pleased with you.
You were not hungry.

You visited 3 branches of the dungeon, and saw 15 of its levels.
You also visited: Sewer and Ossuary.

You collected 1235 gold pieces.
You spent 337 gold pieces at shops.

Inventory:

Hand Weapons
 e - a +3 battleaxe
 o - a +2 vampiric war axe (weapon)
 s - a +1 mace of draining
 t - a +0 war axe
 L - a +1 demon trident of freezing
Missiles
 H - 9 poisoned darts (quivered)
 T - 9 atropa-tipped darts
Armour
 n - a +2 pair of gloves (worn)
 v - a +2 helmet (worn)
 x - the +3 plate armour of Least Resistance (worn) {rC- Dex+7}
   (You took it off an orc on level 5 of the Dungeon)

   It affects your dexterity (+7).
   It makes you vulnerable to cold.
 G - a +2 plate armour of fire resistance
 I - a +0 troll leather armour
 N - a +0 pair of boots (worn)
 P - a +2 cloak (worn)
 Q - the +0 cloak "Onygoing" {rN+ rCorr Int+7}
   (You acquired it on level 3 of the Lair of Beasts)

   It affects your intelligence (+7).
   It protects you from negative energy.
   It provides partial protection from all sources of acid and corrosion.
 V - a +2 chain mail of magic resistance
 W - a +0 kite shield of reflection (worn)
Jewellery
 a - an uncursed ring of protection from fire
 c - a ring of see invisible (right hand)
 g - an uncursed ring of flight
 m - an uncursed ring of stealth
 C - an uncursed ring of wizardry
 J - a ring of poison resistance (left hand)
 K - a cursed ring of teleportation
 M - an uncursed ring of protection from magic
Wands
 q - a wand of polymorph (3)
 y - a wand of disintegration (12)
 B - a wand of digging (5)
 F - a wand of random effects (62)
 O - a wand of enslavement (6)
Scrolls
 h - 11 scrolls of remove curse
 i - 2 scrolls of blinking
 j - 3 scrolls of teleportation
 k - a scroll of amnesia
 w - 3 scrolls of fear
 E - 2 scrolls of identify
 S - a scroll of fog
 U - a scroll of magic mapping
 X - a scroll of summoning
Potions
 b - 5 potions of heal wounds
 l - 6 potions of curing
 p - a potion of haste
 r - 3 potions of flight
 u - 2 potions of stabbing
 z - a potion of resistance
 A - a potion of invisibility
Comestibles
 f - 11 rations


   Skills:
 + Level 10.8 Fighting
 + Level 16.0(16.6) Axes
 + Level 7.1(11.4) Maces & Flails
 + Level 5.0 Throwing
 + Level 9.5 Armour
 - Level 1.1 Dodging
 + Level 0.4 Stealth
 + Level 13.2 Shields
 + Level 10.4 Invocations
 + Level 1.7 Evocations


You had 13 spell levels left.
You didn't know any spells.
Your spell library contained the following spells:

 Spells                   Type           Power        Failure   Level  Hunger
 Summon Butterflies       Summ           #.......     100%        1    ##.....
 Call Canine Familiar     Summ           #.......     100%        3    ####...
 Leda's Liquefaction      Hex/Erth       #.........   100%        4    #####..
 Summon Ice Beast         Ice/Summ       #.......     100%        4    #####..
 Bolt of Magma            Conj/Fire/Erth #.........   100%        5    ######.
 Summon Mana Viper        Hex/Summ       #.......     100%        5    ######.
 Iron Shot                Conj/Erth      #.........   100%        6    #######
 Statue Form              Tmut/Erth      #........    100%        6    #######
 Summon Hydra             Summ           #.........   100%        7    #######
 Shatter                  Erth           #.........   100%        9    #######


Dungeon Overview and Level Annotations

Branches:
Dungeon (8/15)             Temple (0/1) D:5            Lair (4/6) D:8
  Swamp (0/4) Lair:4       Spider (3/4) Lair:4        Sewer (visited)
Ossuary (visited)

Altars:
Fedhas
Kikubaaqudgha
Okawaru
Qazlal
Vehumet
Wu Jian
Xom

Shops:
D:7 }   D:8 (

Annotations:
Lair:3 exclusion: 3 oklob plants
Spider:3 Mara


Innate Abilities, Weirdness & Mutations

You are partially covered in thin metallic scales. (AC +2)
Your skin changes colour to match your surroundings (Stealth+).
Your flesh is heat resistant. (rF+)


Message History

The spark wasp is engulfed in freezing vapours.
The spark wasp barely misses you. x2
You block the spark wasp's attack.
The spark wasp stings you but does no damage.
The spark wasp stings you! The spark wasp shocks you!
* * * LOW HITPOINT WARNING * * *
You feel much better. The spark wasp closely misses you.
You block the spark wasp's attack. x2
The spark wasp barely misses you.
The spark wasp stings you but does no damage.
The spark wasp stings you. The spark wasp shocks you!
The spark wasp stings you!!
* * * LOW HITPOINT WARNING * * *
The spark wasp shocks you!
* * * LOW HITPOINT WARNING * * *
You block the spark wasp's attack. The spark wasp stings you.
* * * LOW HITPOINT WARNING * * *
The spark wasp shocks you!
You die...

##.... ##.(..#..#..
.#.... ##........... ##
... ##......#...# ## ..
#.........# .#
###...#.....# .##
#...###....## ..#
#....###...##.# #####
##....##...^.....
....##
#^..#@y.$.>......
.....#
###..###.##....#..
.....#
#....#######......
.....#
#####....###.####....
..######..........^..#
....
...#...##............#
##.
........#..........(.#
.....................##
...........|..........#


You could see a spark wasp.

Vanquished Creatures
  Donald (Spider:2)
  A ghost moth (Spider:1)
  An emperor scorpion (Spider:1)
  The ghost of Zorot the Grappler, a journeyman VSGl of Cheibriados (Lair:4)
  A two-headed ogre (D:8)
  A dancing weapon (Lair:4)
  9 wolf spiders
  4 orb spiders
  A moth of wrath (Spider:3)
  5 elephants (Lair:2)
  4 black mambas
  9 spiny frogs
  6 demonic crawlers
  A rime drake (Lair:2)
  A komodo dragon (Lair:1)
  7 jumping spiders
  A polar bear (Lair:3)
  A troll (D:8)
  5 hippogriffs
  3 dream sheep (Lair:4)
  Sigmund (D:3)
  15 tarantellas
  41 redbacks
  8 yaks
  3 hungry ghosts (D:7)
  2 swamp worms (Lair:4)
  Duvessa (D:4)
  6 water moccasins
  2 porcupines
  An orc warrior (D:8)
  A black bear (Lair:4)
  3 sky beasts
  A necrophage (D:8)
  3 ogres
  10 wolves
  6 centaurs
  6 crocodiles
  2 big kobolds (Sewer)
  10 bullfrogs
  Dowan (D:4)
  5 scorpions
  3 electric eels
  3 vampire bats (D:4)
  A centaur zombie (D:8)
  3 jellies
  2 centaur skeletons (D:6)
  7 hounds
  6 orc priests
  A bullfrog zombie (D:5)
  A gnoll shaman (D:4)
  An iguana (D:4)
  6 orc wizards
  7 worker ants
  2 hound skeletons
  7 mummies (Ossuary)
  A howler monkey zombie (D:6)
  6 gnolls
  14 adders
  4 river rats
  2 shadow imps
  An ooze (D:1)
  2 adder skeletons
  An adder zombie (D:7)
  2 worms
  3 dart slugs
  13 leopard geckos
  23 orcs
  4 bat skeletons (D:4)
  A bat zombie (D:4)
  6 giant cockroaches
  10 goblins
  8 hobgoblins
  13 jackals
  4 quokkas
  6 ball pythons (Sewer)
  A ball python skeleton (D:4)
  5 bats
  3 frilled lizards
  A jackal zombie (D:5)
  21 kobolds
  A kobold zombie (Ossuary)
  A leopard gecko skeleton (D:8)
  35 rats
  A bush (D:2)
  3 fungi
437 creatures vanquished.

Vanquished Creatures (collateral kills)
  4 hydras
  An orb spider (Spider:2)
  2 black mambas (Lair:2)
  A torpor snail (Lair:4)
  A dream sheep (Lair:4)
  2 bog bodies
  2 crocodiles (Lair:2)
  A mummy (Ossuary)
  A gnoll zombie (Ossuary)
  2 hobgoblin zombies (Ossuary)
  2 kobold zombies (Ossuary)
  2 orc zombies (Ossuary)
21 creatures vanquished.

Vanquished Creatures (others)
  An orc wizard (D:5)
  4 fungi
  3 plants (Lair:3)
8 creatures vanquished.

Grand Total: 466 creatures vanquished

Notes
Turn   | Place    | Note
-------+----------+-------------------------------------------
     0 | D:1      | KiliKikkendorf the Hill Orc Fighter began the quest for the
                  | Orb.
     0 | D:1      | Reached XP level 1. HP: 19/19 MP: 1/1
    66 | D:1      | Reached XP level 2. HP: 12/27 MP: 2/2
    81 | D:1      | Reached skill level 3 in Axes
   504 | D:1      | Reached XP level 3. HP: 27/33 MP: 3/3
   546 | D:1      | Gained mutation: Your muscles are strong. (Str +2) [potion
                  | of mutation]
   546 | D:1      | Gained mutation: You tend to lose your temper in combat.
                  | [potion of mutation]
   546 | D:1      | Gained mutation: You are partially covered in iridescent
                  | scales. (AC +2) [potion of mutation]
   546 | D:1      | Gained mutation: You are mostly covered in iridescent
                  | scales. (AC +4) [potion of mutation]
   742 | D:1      | Lost mutation: Your muscles are strong. (Str +2) [potion of
                  | mutation]
   742 | D:1      | Lost mutation: You tend to lose your temper in combat.
                  | [potion of mutation]
   742 | D:1      | Lost mutation: You are mostly covered in iridescent scales.
                  | (AC +4) [potion of mutation]
   742 | D:1      | Lost mutation: You are partially covered in iridescent
                  | scales. (AC +2) [potion of mutation]
   742 | D:1      | Gained mutation: Your skin changes colour to match your
                  | surroundings (Stealth+). [potion of mutation]
   742 | D:1      | Gained mutation: You are partially covered in thin metallic
                  | scales. (AC +2) [potion of mutation]
   742 | D:1      | Gained mutation: Your flesh is heat resistant. (rF+)
                  | [potion of mutation]
  1185 | D:2      | Reached skill level 4 in Axes
  1185 | D:2      | Reached XP level 4. HP: 34/40 MP: 4/4
  1233 | D:2      | Found a stormy altar of Qazlal,
  1240 | D:2      | Found a blossoming altar of Fedhas,
  1261 | D:2      | Became a worshipper of Qazlal Stormbringer
  1632 | D:3      | Noticed Sigmund
  1668 | D:3      | Killed Sigmund
  1668 | D:3      | Reached skill level 5 in Axes
  1668 | D:3      | Reached XP level 5. HP: 7/47 MP: 5/5
  1668 | D:3      | Reached XP level 6. HP: 8/53 MP: 6/6
  1728 | D:3      | Found an ornate altar of the Wu Jian Council,
  1813 | D:3      | Found a glowing drain,
  1828 | D:3      | Reached skill level 1 in Dodging
  1831 | Sewer    | Entered a sewer
  2113 | Sewer    | Reached * piety under Qazlal
  2211 | Sewer    | Reached skill level 6 in Axes
  2352 | Sewer    | Reached XP level 7. HP: 60/60 MP: 7/7
  2386 | Sewer    | Reached ** piety under Qazlal
  2901 | D:3      | Found a radiant altar of Vehumet,
  3728 | D:4      | Reached skill level 7 in Axes
  3890 | D:4      | Reached *** piety under Qazlal
  3951 | D:4      | Found a stormy altar of Qazlal,
  3970 | D:4      | Reached skill level 5 in Shields
  3972 | D:4      | Reached skill level 5 in Fighting
  4002 | D:4      | Noticed Dowan
  4003 | D:4      | Noticed Duvessa
  4017 | D:4      | Killed Duvessa
  4017 | D:4      | Reached XP level 8. HP: 47/68 MP: 10/10
  4023 | D:4      | Killed Dowan
  4023 | D:4      | Reached skill level 1 in Throwing
  4189 | D:4      | Reached skill level 5 in Armour
  4608 | D:4      | Reached skill level 8 in Axes
  4648 | D:4      | Found an ancient bone altar of Kikubaaqudgha,
  4769 | D:5      | Entered Level 5 of the Dungeon
  5029 | D:5      | Identified the +3 plate armour of Least Resistance {rC-
                  | Dex+7}
  5050 | D:5      | Reached skill level 5 in Invocations
  5072 | D:5      | Found an iron altar of Okawaru,
  5196 | D:5      | Found a staircase to the Ecumenical Temple,
  5325 | D:5      | Reached XP level 9. HP: 74/74 MP: 11/13
  5354 | D:5      | Reached skill level 9 in Axes
  5358 | D:5      | Reached **** piety under Qazlal
  5704 | D:6      | Found a sand-covered staircase,
  5738 | Ossuary  | Entered an ossuary
  6549 | D:6      | Reached skill level 10 in Axes
  7059 | D:7      | Found Mecitif's Gadget Emporium,
  7373 | D:8      | Reached XP level 10. HP: 83/83 MP: 15/15
  7393 | D:8      | Found Xylaezat's Antique Weapon Boutique,
  7445 | D:8      | Reached ***** piety under Qazlal
  7510 | D:8      | Reached skill level 11 in Axes
  7642 | D:8      | Bought a runed war axe for 175 gold pieces
  7642 | D:8      | Bought a runed mace for 162 gold pieces
  7682 | D:8      | Noticed a two-headed ogre
  7696 | D:8      | Killed a two-headed ogre
  7775 | D:8      | Found a staircase to the Lair,
  7931 | Lair:1   | Entered Level 1 of the Lair of Beasts
  8195 | Lair:1   | Reached skill level 1 in Maces & Flails
  8245 | Lair:1   | Noticed a spiny frog
  8266 | Lair:1   | Killed a spiny frog
  8287 | Lair:1   | Reached XP level 11. HP: 87/91 MP: 17/17
  8761 | Lair:2   | Reached skill level 12 in Axes
  8846 | Lair:2   | Noticed a seven-headed hydra
  8888 | Lair:2   | Killed a seven-headed hydra
  9005 | Lair:2   | Noticed a four-headed hydra
  9022 | Lair:2   | Killed a four-headed hydra
  9053 | Lair:2   | Reached skill level 10 in Shields
  9354 | Lair:3   | Noticed a six-headed hydra
  9376 | Lair:2   | Killed a six-headed hydra
  9670 | Lair:3   | Reached skill level 1 in Evocations
  9730 | Lair:3   | Reached skill level 5 in Maces & Flails
  9836 | Lair:3   | Reached skill level 13 in Axes
  9853 | Lair:3   | Reached XP level 12. HP: 101/101 MP: 19/19
  9994 | Lair:3   | Identified a scroll of acquirement
  9994 | Lair:3   | Identified the +0 cloak "Onygoing" {rN+ rCorr Int+7} (You
                  | acquired it on level 3 of the Lair of Beasts)
 10792 | Lair:4   | Found a runed translucent door,
 10794 | Lair:4   | Found a shimmering altar of Xom,
 10794 | Lair:4   | Identified the +1 quarterstaff of Impatience {chaos, rC+
                  | Str+3}
 10795 | Lair:4   | Noticed Zorot's ghost (journeyman VSGl)
 10815 | Lair:4   | Killed Zorot's ghost
 10913 | Lair:4   | Reached skill level 14 in Axes
 10943 | Lair:4   | Noticed a six-headed hydra
 10965 | Lair:3   | Killed a six-headed hydra
 11506 | Lair:4   | Found a hole to the Spider Nest,
 11759 | Lair:4   | Found a staircase to the Swamp,
 12315 | Spider:1 | Entered Level 1 of the Spider Nest
 12577 | Spider:1 | You fall into a shaft and drop 1 floor!
 12581 | Spider:2 | Noticed an emperor scorpion
 12586 | Spider:1 | Reached XP level 13. HP: 98/111 MP: 20/20
 13530 | Spider:1 | Killed an emperor scorpion
 13866 | Spider:1 | Killed a ghost moth
 14018 | Spider:2 | Noticed Donald
 14235 | Spider:1 | Reached skill level 15 in Axes
 14311 | Spider:1 | Reached skill level 10 in Invocations
 14741 | Spider:2 | Killed Donald
 15107 | Spider:2 | Reached skill level 10 in Fighting
 15958 | Spider:2 | Reached XP level 14. HP: 112/122 MP: 21/21
 15996 | Spider:3 | Noticed Mara
 16212 | Spider:3 | Noticed KiliKikkendorf's illusion
 16715 | Spider:3 | Noticed KiliKikkendorf's illusion
 17046 | Spider:3 | Reached skill level 5 in Throwing
 17082 | Spider:3 | Reached skill level 16 in Axes
 17111 | Spider:3 | Noticed KiliKikkendorf's illusion
 17142 | Spider:3 | HP: 5/122 [spark wasp (6)]
 17142 | Spider:3 | Mangled by a spark wasp

Levels and vault maps discovered:
D:1:      giann_horns, layout_loops_corners
D:2:      layout_rooms, grunt_temple_overflow_forces_of_nature, first_ration
D:3:      layout_basic, lemuel_crystal_altar, vehumet_crystals,
          gup_sewer_entry_bubbles, uniq_sigmund
D:4:      layout_rooms, kennysheep_vampire_church,
          nicolae_qazlal_eye_of_the_storm, uniq_duvessa
D:5:      layout_loops_cross, okawaru_gym_becter, minmay_temple_entry_tees,
          chequers_garden
D:6:      layout_loops_corners, nicolae_ossuary_entry_false_entrances
D:7:      layout_basic, serial_shops, shop
D:8:      layout_rooms, erik_lair_island, serial_shops, shop
Lair:1:   layout_cave_pods
Lair:2:   layout_cave_shapes
Lair:3:   layout_regular_city, gauntlet_entry_generic, serial_bayou_lagoon_a,
          minmay_lair_oklob_chamber, serial_bayou_shore_b
Lair:4:   layout_layer_cave, nicolae_swamp_entry_splash_gauntlet,
          spider_nest_entry_webs, ebering_ghost_xom, serial_bayou_shore_b
Spider:1: layout_chambers, drop_trap
Spider:2: layout_spider_delve, spiders_nest_spider_trap, uniq_donald
Spider:3: layout_spider_delve, spiders_nest_hornet_nest, uniq_mara

Skill      XL: |  1  2  3  4  5  6  7  8  9 10 11 12 13 14 |
---------------+-------------------------------------------+-----
Axes           | 3 4 5 6 7 8 10 11 13 14 15 16 | 16.0
Shields        | 4 5 6 7 9 10 11 13 | 13.2
Fighting       | 4 5 6 8 9 10 | 10.8
Armour         | 4 5 6 7 8 9 |  9.5
Dodging        | 1 |  1.1
Invocations    | 3 5 7 8 9 10 | 10.4
Throwing       | 1 2 3 4 5 |  5.0
Maces & Flails | 1 5 7 |  7.1
Evocations     | 1 |  1.7
Stealth        | |  0.4

Action                   |  1- 3 |  4- 6 |  7- 9 | 10-12 | 13-15 || total
-------------------------+-------+-------+-------+-------+-------++-------
Melee: War axe           |   105 |   216 |   582 |   532 |   469 ||  1904
       Mace              |       |       |       |    11 |       ||    11
Throw: Boomerang         |     3 |    14 |    52 |       |       ||    69
       Dart              |       |       |     4 |    58 |    86 ||   148
Invok: Upheaval          |       |       |     1 |     2 |    12 ||    15
       Elemental Force   |       |       |     1 |    11 |     1 ||    13
Evoke: Wand              |       |       |       |    15 |     6 ||    21
  Use: Scroll            |     1 |     6 |    14 |    11 |     4 ||    36
       Potion            |     3 |     3 |    10 |     3 |     4 ||    23
  Eat: Chunk             |     1 |     2 |    13 |     9 |       ||    25
       Ration            |       |     1 |     4 |     3 |     4 ||    12
Armor: Scale mail        |    50 |    14 |       |       |       ||    64
       Plate armour      |       |    96 |   277 |   290 |   336 ||   999
       Skin              |       |       |     1 |       |       ||     1
Dodge: Dodged            |    29 |    33 |    65 |    88 |   121 ||   336
       Deflected         |       |       |     1 |     4 |       ||     5
Block: Kite shield       |    64 |    97 |   412 |   540 |   408 ||  1521

Table legend:
 A = Non-vault XP
 B = Vault XP
 C = Vault XP percentage of total XP
 D = Non-vault monster count
 E = Vault monster count
 F = Vault count percentage of total count
                 A         B        C        D         E       F
            +---------+---------+-------+---------+---------+-------
      Total |   49177 |   10213 |  17.2 |     345 |     110 |  24.2
            +---------+---------+-------+---------+---------+-------
        D:1 |      48 |       0 |   0.0 |      28 |       0 |   0.0
        D:2 |      84 |       0 |   0.0 |      18 |       0 |   0.0
        D:3 |      78 |     270 |  77.6 |      24 |       7 |  22.6
        D:4 |     485 |     403 |  45.4 |      27 |      10 |  27.0
        D:5 |     696 |       0 |   0.0 |      32 |       0 |   0.0
        D:6 |     861 |       0 |   0.0 |      24 |       0 |   0.0
        D:7 |     766 |       0 |   0.0 |      13 |       0 |   0.0
        D:8 |    2435 |     800 |  24.7 |      27 |       8 |  22.9
     Lair:1 |    2086 |       0 |   0.0 |      11 |       0 |   0.0
     Lair:2 |    6079 |       0 |   0.0 |      20 |       0 |   0.0
     Lair:3 |    5306 |     757 |  12.5 |      24 |       3 |  11.1
     Lair:4 |    5404 |    2906 |  35.0 |      22 |       8 |  26.7
   Spider:1 |   11777 |       0 |   0.0 |      33 |       0 |   0.0
   Spider:2 |    5187 |    4622 |  47.1 |      19 |      10 |  34.5
   Spider:3 |    7885 |       0 |   0.0 |      23 |       0 |   0.0
      Sewer |       0 |     314 | 100.0 |       0 |      48 | 100.0
    Ossuary |       0 |     141 | 100.0 |       0 |      16 | 100.0
            +---------+---------+-------+---------+---------+-------
